 Dungeon Crawl Stone Soup version 0.21-a0-513-gdcb3f5e (webtiles) character file.

53 slep the Chopper (level 3, 0/30 HPs)
             Began as a Minotaur Gladiator on Dec 3, 2017.
             Slain by a gnoll
             ... wielding a +0 spear
              (3 damage)
             ... on level 2 of the Dungeon.
             The game lasted 00:02:39 (992 turns).

slep the Chopper (Minotaur Gladiator)                Turns: 992, Time: 00:02:40

Health: 0/30       AC:  5    Str: 18    XL:     3   Next: 64%
Magic:  2/2        EV: 12    Int:  5    God:
Gold:   75         SH:  0    Dex: 12    Spells: 2/2 levels left

rFire    . . .     SeeInvis .   a - +0 war axe
rCold    + . .     Gourm    .   (no shield)
rNeg     . . .     Faith    .   n - +0 ring mail {rC+}
rPois    .         Spirit   .   c - +0 hat
rElec    .         Reflect  .   (no cloak)
rCorr    .         Harm     .   (no gloves)
MR       .....                  (no boots)
Stlth    +.........             (no amulet)
HPRegen  0.10/turn              (no ring)
MPRegen  0.08/turn              (no ring)

@: no status effects
A: retaliatory headbutt, horns 2
a: no special abilities


You were on level 2 of the Dungeon.
You were not hungry.

You visited 1 branch of the dungeon, and saw 2 of its levels.

You collected 75 gold pieces.

Inventory:

Hand Weapons
 a - a +0 war axe (weapon)
Missiles
 d - 3 throwing nets (quivered)
Armour
 b - a +0 leather armour
 c - a +0 hat (worn)
 l - a +0 scale mail
 n - a +0 ring mail of cold resistance (worn)
Scrolls
 e - 3 scrolls of identify {unknown}
 i - a scroll of amnesia {unknown}
 j - a scroll of fog {unknown}
Potions
 k - a potion of heal wounds {unknown}
Comestibles
 f - a bread ration
 g - 4 fruits
 h - a meat ration
 m - a chunk of flesh


   Skills:
 + Level 2.9 Fighting
 + Level 4.3 Axes
 + Level 2.1 Throwing
 + Level 0.7 Armour
 + Level 4.1 Dodging


You had 2 spell levels left.
You didn't know any spells.

Dungeon Overview and Level Annotations

Branches:
Dungeon (2/15)

Altars:
Cheibriados
Hepliaklqana
Qazlal


Innate Abilities, Weirdness & Mutations

You reflexively headbutt those who attack you in melee.
You have a pair of horns on your head.


Message History

The gnoll barely misses you.
A gnoll comes into view. It is wielding a spear.
The gnoll shouts!
You hit the gnoll but do no damage.
The gnoll is severely wounded.
The gnoll closely misses you. The gnoll hits you but does no damage.
You barely miss the gnoll. Your headbutt misses the gnoll.
The gnoll is severely wounded.
The gnoll hits you from afar with a spear.
The gnoll closely misses you. The gnoll hits you but does no damage.
You hit the gnoll but do no damage. You headbutt the gnoll.
The gnoll is almost dead.
The gnoll hits you!
The gnoll hits you from afar with a spear!
* * * LOW HITPOINT WARNING * * *
You barely miss the gnoll.
The gnoll is almost dead.
The gnoll hits you but does no damage.
The gnoll hits you from afar with a spear.
You die... ##### .Sg. gg#

##########g#
.........#@# #.......#
#...#.################
#...#.#..............#
#.†.#.#.############.#
##.##(#.# #.# #.##.#.#
#.# #.##.#.########
#.#
#######(##...†......#
#.#


You could see 4 gnolls and an adder (wandering).

Vanquished Creatures
  2 adders (D:2)
  An ooze (D:1)
  A dart slug (D:2)
  A leopard gecko (D:2)
  3 goblins
  2 hobgoblins (D:1)
  5 jackals (D:2)
  2 kobolds
  4 bats
  4 frilled lizards
  4 rats
29 creatures vanquished.

Notes
Turn   | Place    | Note
-------+----------+-------------------------------------------
     0 | D:1      | slep the Minotaur Gladiator began the quest for the Orb.
     0 | D:1      | Reached XP level 1. HP: 18/18 MP: 0/0
   238 | D:1      | Reached XP level 2. HP: 22/25 MP: 1/1
   806 | D:2      | Found a snail-covered altar of Cheibriados.
   815 | D:2      | Reached XP level 3. HP: 11/30 MP: 2/2
   870 | D:2      | Found a hazy altar of Hepliaklqana.
   892 | D:2      | Found a stormy altar of Qazlal.
   992 | D:2      | Slain by a gnoll

Vault maps used:
D:1:      minmay_arrival_solitary_statue, minmay_parallelograms,
          minmay_tetromino_t2
D:2:      kennysheep_slug_shrine, nicolae_overflow_quartered_altars,
          chequers_ecumenical_altar_simple, xom_redecorated

Skill      XL: |  1  2  3 |
---------------+----------+-----
Axes           | 4 |  4.3
Dodging        | 4 |  4.1
Fighting       | |  2.9
Throwing       | |  2.1
Armour         | |  0.7

Action                   || total
-------------------------++-------
Melee: War axe           ||    55
       Headbutt          ||     9
Armor: Leather armour    ||     7
       Scale mail        ||    25
       Ring mail         ||     5
Dodge: Dodged            ||    49

Table legend:
 A = Spawn XP
 B = Non-spawn XP
 C = Spawn XP percentage of total XP
 D = Spawn monster count
 E = Non-spawn monster count
 F = Spawn count percentage of total count
 G = Total turns spent on level
                    A         B        C        D         E        F      G
               +---------+---------+-------+---------+---------+-------+---------
         Total |       0 |      77 |   0.0 |       0 |      29 |   0.0 |   992
               +---------+---------+-------+---------+---------+-------+---------
           D:1 |       0 |      24 |   0.0 |       0 |      12 |   0.0 |   794
           D:2 |       0 |      53 |   0.0 |       0 |      17 |   0.0 |   198
               +---------+---------+-------+---------+---------+-------+---------
